 Dungeon Crawl Stone Soup version 0.29-a0-323-g050149af67 (webtiles) character file.

Game seed: 573536065025657638

110 Jortsu the Shooter (level 4, 0/38 HPs)
             Began as a Hill Orc Hunter on Apr 10, 2022.
             Was a Believer of Lugonu.
             Slain by a black bear (5 damage)
             ... on level 4 of the Dungeon.
             The game lasted 00:07:33 (2389 turns).

Jortsu the Shooter (Hill Orc Hunter)                Turns: 2389, Time: 00:07:34

Health: 0/38       AC:  8    Str: 16    XL:     4   Next: 91%
Magic:  4/4        EV: 12    Int: 12    God:    Lugonu [**....]
Gold:   92         SH:  0    Dex: 16    Spells: 3/3 levels left

rFire   + . .      SeeInvis .   a - +1 shortbow
rCold   . . .      Faith    .   (shield currently unavailable)
rNeg    . . .      Spirit   .   b - +1 leather armour
rPois   .          Reflect  .   n - +0 helmet {Int+3}
rElec   .          Harm     .   (no cloak)
rCorr   .          Rampage  .   d - +2 pair of gloves {Str+3}
Will    .....                   (no boots)
Stlth   +.........              (no amulet)
HPRegen 0.12/turn               i - ring of protection from fire
MPRegen 0.09/turn               (no ring)

@: no status effects
A: no striking features
a: Renounce Religion, Depart the Abyss, Bend Space


You were on level 4 of the Dungeon.
You worshipped Lugonu.
Lugonu was pleased with you.
You visited 1 branch of the dungeon, and saw 5 of its levels.

You collected 92 gold pieces.

Inventory:

Hand Weapons
 a - a +1 shortbow (weapon)
 e - a +1 dagger of draining
Armour
 b - a +1 leather armour (worn)
 d - a +2 pair of gloves of strength (worn)
 n - a +0 helmet of intelligence (worn)
Jewellery
 i - a ring of protection from fire (left hand)
 o - an amulet of guardian spirit
Scrolls
 c - a scroll of immolation
 h - a scroll of teleportation
 k - 2 scrolls of magic mapping
Potions
 f - a potion of might {unknown}
 g - a potion of lignification {unknown}
 j - a potion of degeneration {unknown}
 l - 3 potions of berserk rage {unknown}
 m - a potion of mutation
 p - a potion of curing {unknown}


   Skills:
 + Level 3.1 Fighting
 + Level 4.8 Bows
 + Level 1.2 Armour
 + Level 2.2 Dodging
 + Level 0.8 Stealth


You had 3 spell levels left.
You didn't know any spells.
Your spell library contained the following spells:

 Spells                   Type           Power      Damage    Failure   Level
 Magic Dart               Conj           0%         1d3       38%         1
 Call Imp                 Summ           0%         N/A       52%         2
 Mephitic Cloud           Conj/Pois/Air  0%         N/A       77%         3


Dungeon Overview and Level Annotations

Branches:
Dungeon (5/15)
 Temple: D:4-7

Altars:
Lugonu

Annotations:
D:3 Grinder


Message History

Aim: a kobold brigand, wielding a +0 hand crossbow (heavily wounded, 58% to hit)
You shoot an arrow. The arrow hits the kobold brigand!
The kobold brigand is severely wounded.
The kobold brigand shoots a bolt.
The bolt barely misses you.
Shoot: a) +1 shortbow
Press: ? - help, Q - select action, (/) - cycle Shift-Dir - straight line, f/p - kobold brigand
Aim: a kobold brigand, wielding a +0 hand crossbow (severely wounded, 58% to hit)
You shoot an arrow.
The arrow hits the kobold brigand but does no damage.
The kobold brigand is severely wounded.
A black bear comes into view.
The kobold brigand shoots a bolt.
The bolt hits you but does no damage.
The kobold brigand shoots a bolt.
The bolt closely misses you.
The kobold brigand shoots a bolt.
The bolt barely misses you.
The kobold brigand shoots a bolt.
The bolt hits you.
* * * LOW HITPOINT WARNING * * *
The kobold brigand shoots a bolt.
The bolt barely misses you.
There is a stone staircase leading down here.
You climb downwards.
Found 6 poisoned darts and a chain mail.
Found a stone staircase leading down.
There is a stone staircase leading up here.
The ufetubus shouts!
You climb upwards.
The kobold brigand shoots a bolt.
The bolt hits you.
* * * LOW HITPOINT WARNING * * *
The kobold brigand shoots a bolt.
The bolt barely misses you.
There is a stone staircase leading down here.
The kobold brigand shoots a bolt.
The bolt hits you.
* * * LOW HITPOINT WARNING * * *
The kobold brigand shoots a bolt.
The bolt barely misses you.
You open the door.
There is an open door here.
The kobold brigand shoots a bolt.
The bolt hits you.
* * * LOW HITPOINT WARNING * * *
You open the door.
Found a fizzy purple potion.
There is an open door here.
The black bear attacks as you move away!
The black bear bites you.
You die...

#.....# #####.....#
..........#+############
.......................#
.......................#
.......................#
....................!..#
.....#####.............#
.....# ...#@######
.....# .#h.....# .....+
#......#
.....###+#######......#
..........#...#####K####
........K.#...#........#
....>.....'...+........#
..........##'##........#
...........h..K........#


You could see a black bear and a kobold brigand.

Vanquished Creatures
  A howler monkey (D:2)
  Robin (D:2)
  An adder (D:2)
  A worm (D:1)
  A dart slug (D:2)
  An orc (D:4)
  3 ball pythons
  5 bats
  2 endoplasms
  2 giant cockroaches
  10 goblins
  4 hobgoblins
  3 jackals (D:1)
  3 kobolds (D:1)
  A quokka (D:1)
  3 frilled lizards
  3 rats
45 creatures vanquished.

Notes
Turn   | Place    | Note
-------+----------+-------------------------------------------
     0 | D:1      | Jortsu the Hill Orc Hunter began the quest for the Orb.
     0 | D:1      | Reached XP level 1. HP: 18/18 MP: 1/1
   458 | D:1      | Reached XP level 2. HP: 9/25 MP: 2/2
   745 | D:1      | Reached skill level 4 in Bows
   814 | D:1      | Found a faded altar of an unknown god.
   823 | D:1      | Prayed at the altar of an unknown god.
   823 | D:1      | Became a worshipper of Lugonu the Unformed
   823 | D:1      | Reached * piety under Lugonu
   823 | D:1      | Reached ** piety under Lugonu
  1150 | D:2      | Reached XP level 3. HP: 30/30 MP: 3/3
  1433 | D:2      | Reached XP level 4. HP: 37/37 MP: 4/4
  1721 | D:3      | Noticed Robin
  1805 | D:2      | Reached skill level 1 in Armour
  1923 | D:2      | Killed Robin
  1994 | D:3      | Noticed Grinder
  1995 | D:3      | Paralysed by Grinder for 2 turns
  1999 | D:3      | Paralysed by Grinder for 5 turns
  2342 | D:4      | Noticed a kobold brigand
  2352 | D:4      | Noticed a black bear
  2364 | D:5      | Entered Level 5 of the Dungeon
  2389 | D:4      | Slain by a black bear

Illustrated notes

Levels and vault maps discovered:
D:1:      dpeg_arrival_brainrot, layout_basic, ebering_ecumenical_altar_ruins,
          solitary_fountain
D:2:      layout_loops_cross, wad_floor_pattern_untrapped
D:3:      layout_loops_ring, minmay_misc_feat_doors, kennysheep_doodads,
          uniq_sigmund, uniq_grinder, uniq_crazy_yiuf_cottage, uniq_jessica,
          uniq_robin
D:4:      layout_gridville
D:5:      layout_layer_cave, minmay_temple_entry_glassed_door, uniq_edmund

Skill      XL: |  1  2  3  4 |
---------------+-------------+-----
Bows           | 4 |  4.8
Dodging        | 2 |  2.2
Fighting       | 3 |  3.1
Armour         | 1 |  1.2
Stealth        | |  0.8

Action                   |  1- 3 |  4- 6 || total
-------------------------+-------+-------++-------
 Fire: Shortbow          |    75 |    67 ||   142
  Use: Scroll            |     3 |     2 ||     5
Armor: Leather armour    |     8 |    22 ||    30
Dodge: Dodged            |    18 |    40 ||    58

Table legend: (Time is in decaauts)
 A = Elapsed time spent in this place.
 B = Non-inter-level travel time spent in this place.
 C = Inter-level travel time spent in this place.
 D = Time resting spent in this place.
 E = Time spent auto-exploring this place.
 F = Levels seen in this place.
 G = Mean time per level.
                   A        B        C        D        E       F      G
               +--------+--------+--------+--------+--------+-----+--------+
         Total |   2436 |   2421 |     15 |    607 |   1336 |   5 |  487.2 |
       Dungeon |   2436 |   2421 |     15 |    607 |   1336 |   5 |  487.2 |
               +--------+--------+--------+--------+--------+-----+--------+

Top non-repeatable levels by time:
     D:1: 1115 daAuts
     D:2: 816 daAuts
     D:4: 380 daAuts
     D:3: 122 daAuts
     D:5: 1 daAuts
